 Dungeon Crawl Stone Soup version 0.18.1-6-gd335043 (webtiles) character file.

115 Hipnos the Sneak (level 5, -3/34 HPs)
             Began as an Octopode Assassin on May 16, 2016.
             Killed from afar by an orc wizard (7 damage)
             ... with a magic dart
             ... on level 3 of the Dungeon.
             The game lasted 00:06:49 (1866 turns).

Hipnos the Sneak (Octopode Assassin)                Turns: 1866, Time: 00:06:49

Health: -3/34      AC:  1    Str: 11    XL:     5   Next: 0%
Magic:  5/5        EV: 12    Int: 13    God:
Gold:   110        SH:  0    Dex: 14    Spells: 0 memorised, 4 levels left

rFire  . . .     SeeInvis .     b - +0 blowgun
rCold  . . .     Gourm    .     (no shield)
rNeg   . . .     Faith    .     (helmet restricted)
rPois  .         Spirit   .     (no amulet)
rElec  .         Dismiss  .     (no ring)
rCorr  .         Reflect  .     (no ring)
SustAt .         Harm     .     (no ring)
MR     .....                    (no ring)
Stlth  +++++.....               (no ring)
                                (no ring)
                                (no ring)
                                (no ring)

@: lethally poisoned (-3 -> -4), not resistant to hostile enchantments, quite
stealthy
A: almost no armour, amphibious, 8 rings, constrict 8, camouflage 1, gelatinous
body 1
a: no special abilities


You were on level 3 of the Dungeon.
You were hungry.

You visited 1 branch of the dungeon, and saw 3 of its levels.

You collected 110 gold pieces.

Inventory:

Hand Weapons
 a - a +2 dagger
 b - a +0 blowgun (weapon)
Missiles
 d - a curare-tipped needle (quivered)
Scrolls
 e - a scroll of teleportation
 g - a scroll of noise
 h - a scroll of blinking {unknown}
 q - a scroll of amnesia
Comestibles
 f - a bread ration
 i - a meat ration
 n - a royal jelly
 o - a slice of pizza


   Skills:
 + Level 2.0 Fighting
 - Level 2.0 Short Blades
 * Level 4.3 Throwing
 + Level 1.3 Dodging
 * Level 6.1 Stealth


You had 4 spell levels left.
You didn't know any spells.

Dungeon Overview and Level Annotations

Branches:
Dungeon (3/15)

Altars:
Ru


Innate Abilities, Weirdness & Mutations

You cannot wear most types of armour.
You are amphibious.
You can wear up to eight rings at the same time.
You can use your tentacles to constrict eight enemies at once.
Your skin changes colour to match your surroundings (Stealth).
Your rubbery body absorbs attacks (AC +1).


Message History

Press: ? - help, Shift-Dir - straight line, f/p - orc wizard
Aim: an orc wizard, wielding a dagger and wearing a robe (heavily wounded, poisoned)
You shoot a poisoned needle.
The poisoned needle hits the orc wizard.
The orc wizard looks even sicker.
The orc wizard is heavily wounded.
The orc wizard hits you with a dagger.
* * * LOW HITPOINT WARNING * * *
You feel sick.
The orc wizard mumbles some strange words.
The orc wizard flickers and vanishes!
Deactivating autopickup; reactivate with Ctrl-A.
Firing (i - inventory. (,) - cycle):
c - a poisoned needle (quivered)
Press: ? - help, Shift-Dir - straight line, f - orc
Aim: an orc, wielding a flail You shoot a poisoned needle.
The poisoned needle hits the orc!
The orc is poisoned.
A magic dart appears from out of thin air!
The magic dart hits you!
You die...

.?.###.# #..####....# ..
#.####..#######.# .
................#
#.#####......#.#
.......####....## .
..............#.#
.......####.....#.#.#. #
#.##.....#......#.#..## #. #.
#.#.#.#.@....#.#... .
#.(##.##.#.#.#......#.#..## ..
#.$.((.#.#..........#.#...#...
#...#...............#.#.....#.
##<..%..(....o............#....
#.........†.(.#......#.........
#.#....(...(...#.#...#.#######.
#.##.#.#..(#.#.#.#.#.#.#
#.##.#....(....#.#......


You could see an orc.

Vanquished Creatures
  An orc priest (D:3)
  Jessica (D:2)
  An adder (D:3)
  3 worms (D:2)
  3 dart slugs (D:1)
  3 giant geckos
  4 bats
  3 giant cockroaches
  5 goblins (D:1)
  4 hobgoblins (D:1)
  2 jackals (D:2)
  A ball python (D:3)
  2 giant newts
  2 kobolds
  A rat (D:3)
36 creatures vanquished.

Notes
Turn   | Place    | Note
--------------------------------------------------------------
     0 | D:1      | Hipnos the Octopode Assassin began the quest for the Orb.
     0 | D:1      | Reached XP level 1. HP: 14/14 MP: 1/1
   291 | D:1      | Reached XP level 2. HP: 19/19 MP: 2/2
   792 | D:1      | Reached XP level 3. HP: 24/24 MP: 3/3
  1067 | D:2      | Noticed Jessica
  1074 | D:2      | Killed Jessica
  1074 | D:2      | Reached XP level 4. HP: 29/29 MP: 4/4
  1323 | D:3      | Reached skill level 6 in Stealth
  1342 | D:3      | Found a sacrificial altar of Ru.
  1386 | D:3      | HP: 1/29 [orc/flail (9)]
  1859 | D:3      | Reached XP level 5. HP: 17/34 MP: 5/5
  1866 | D:3      | Killed from afar by an orc wizard

Skill      XL: |  1  2  3  4 |
---------------+-------------+-----
Throwing       | 3 4 |  4.3
Stealth        | 6 |  6.1
Fighting       | |  2.0
Short Blades   | |  2.0
Dodging        | |  1.3

Action                   |  1- 3 |  4- 6 || total
-------------------------+-------+-------++-------
Melee: Dagger            |       |     1 ||     1
 Fire: Blowgun           |   153 |    86 ||   239
  Use: Potion            |       |     5 ||     5
       Scroll            |       |     3 ||     3
  Eat: Chunk             |       |     2 ||     2
Armor: Skin              |     5 |     1 ||     6
Dodge: Dodged            |    19 |    25 ||    44
